 Dungeon Crawl Stone Soup version 0.31-a0-145-g046c7d2549 (webtiles) character file.

Game seed: 11997844171441712687

19 Armakuni the Sneak (level 2, 21/21 HPs)
             Began as a Vampire Wanderer on June 3, 2023.
             Quit the game on level 1 of the Dungeon on June 5, 2023.
             The game lasted 00:03:23 (297 turns).

Armakuni the Sneak (Vampire Wanderer)                Turns: 297, Time: 00:03:23

Health: 21/21      AC:  3    Str: 14    XL:     2   Next: 55%
Magic:  2/2        EV: 11    Int: 12    God:
Gold:   13         SH:  0    Dex: 12    Spells: 1/1 levels left

rFire   . . .        a - +0 dagger
rCold   . . .        (no shield)
rNeg    . . .        g - +0 leather armour
rPois   .            (no helmet)
rElec   .            (no cloak)
rCorr   .            (no gloves)
SInv    +            (no boots)
Will    .....        (no amulet)
Stlth   +++          (no ring)
HPRegen 0.43/turn    (no ring)
MPRegen 0.08/turn

%: no passive effects
@: healing quickly
A: alive, fangs 3, see invisible, vampiric 1
a: Exsanguinate


You were on level 1 of the Dungeon.
You visited 1 branch of the dungeon, and saw 1 of its levels.

You collected 13 gold pieces.

Inventory:

Hand Weapons
 a - a +0 dagger (weapon)
 d - a +0 hand axe
Missiles
 b - an atropa-tipped dart (quivered)
 c - a datura-tipped dart
Armour
 g - a +0 leather armour (worn)
Scrolls
 e - a scroll of teleportation
Potions
 f - a potion of invisibility
 h - a potion of attraction {unknown}


   Skills:
 - Level 1.0 Fighting
 + Level 2.5 Short Blades
 - Level 1.7 Axes
 - Level 1.0 Armour
 - Level 1.1 Dodging
 - Level 5.8 Stealth
 - Level 1.0 Evocations


You had one spell level left.
You didn't know any spells.
Your spell library contained the following spells:

 Spells                   Type           Power      Damage    Failure   Level
 Necrotise                Necr           0%         1d4       38%         1
 Vampiric Draining        Necr           0%         2d6       77%         3
 Agony                    Necr           0%         N/A       100%        5


Dungeon Overview and Level Annotations

Branches:
Dungeon (1/15)

Altars:


Innate Abilities, Weirdness & Mutations

Your natural rate of healing is accelerated.
You have razor-sharp teeth.
You have supernaturally acute eyesight. (SInv)
You are afflicted with vampirism.


Message History

You kill the hobgoblin!
You see here a hobgoblin corpse.
The ball python barely misses you. The ball python grabs you.
The ball python constricts you.
You barely miss the ball python.
The ball python bites you but does no damage.
The ball python constricts you.
You hit the ball python.
You kill the ball python!
No target in view!
No target in view!
No target in view!
Okay, then.
A rat comes into view.
A rat is nearby!
A rat is nearby!
A rat is nearby!
Found a whip.
A bat comes into view.
The helpless rat fails to defend itself.
You impale the rat!!
You kill the rat!
A frilled lizard comes into view.
The bat completely misses you.
You completely miss the bat. You bite the bat.
You kill the bat!
The helpless frilled lizard fails to defend itself.
You impale the frilled lizard!!
You kill the frilled lizard!
No target in view!
No target in view!
Saving game... please wait.
Welcome back, Armakuni the Vampire Wanderer.
Press ? for a list of commands and other information.
Are you sure you want to abandon this character and quit the game? (Confirm with "yes".)
Okay, then.
Unknown command.
Unknown command.
Unknown command.
Are you sure you want to abandon this character and quit the game? (Confirm with "yes".)

..........#.#
####........#
#....†..##
#...##.#####
#...##.....#
#...##.....#
#####......#
#....).#
#@###### #†#
..# ..## ###


There were no monsters in sight!

Vanquished Creatures
  A dart slug (D:1)
  2 bats (D:1)
  3 endoplasms (D:1)
  2 goblins (D:1)
  A hobgoblin (D:1)
  A kobold (D:1)
  A quokka (D:1)
  2 ball pythons (D:1)
  2 frilled lizards (D:1)
  A rat (D:1)
16 creatures vanquished.

Notes
Turn   | Place    | Note
-------+----------+-------------------------------------------
     0 | D:1      | Armakuni the Vampire Wanderer began the quest for the Orb.
     0 | D:1      | Armakuni set off with the following items: a +0 dagger, an
                  | atropa-tipped dart, a datura-tipped dart, a +0 hand axe, a
                  | scroll of teleportation, a potion of invisibility, a +0
                  | leather armour.
     0 | D:1      | Reached XP level 1. HP: 15/15 MP: 1/1
    31 | D:1      | Reached skill level 1 in Short Blades
    36 | D:1      | Upgraded the game from 0.31-a0-133-gaae73658be to
                  | 0.31-a0-145-g046c7d2549
    61 | D:1      | Reached XP level 2. HP: 13/21 MP: 2/2
   297 | D:1      | Quit the game

Illustrated notes

Levels and vault maps discovered:
D:1:      erik_arrival_blinker_ship, layout_basic

Skill      XL: |  1  2 |
---------------+-------+-----
Short Blades   | 1 2 |  2.5
Fighting       | |  1.0
Axes           | |  1.7
Armour         | |  1.0
Dodging        | |  1.1
Stealth        | |  5.8
Evocations     | |  1.0

Action                     || total
---------------------------++-------
  Melee: Dagger            ||    60
         Bite              ||     3
    Use: Scroll            ||     2
   Stab: Sleeping          ||     3
 Armour: Leather armour    ||    13
  Dodge: Dodged            ||    37

Table legend: (Time is in decaauts)
 A = Elapsed time spent in this place.
 B = Non-inter-level travel time spent in this place.
 C = Inter-level travel time spent in this place.
 D = Time resting spent in this place.
 E = Time spent auto-exploring this place.
 F = Levels seen in this place.
 G = Mean time per level.
                   A        B        C        D        E       F      G
               +--------+--------+--------+--------+--------+-----+--------+
         Total |    292 |    292 |      0 |     13 |    148 |   1 |  292.0 |
       Dungeon |    292 |    292 |      0 |     13 |    148 |   1 |  292.0 |
               +--------+--------+--------+--------+--------+-----+--------+

Top non-repeatable levels by time:
     D:1: 292 daAuts
